 Dungeon Crawl Stone Soup version 0.18.1-50-g88ac8fd (webtiles) character file.

335 yungnami the Ducker (level 6, -15/54 HPs)
             Began as a Troll Berserker on Oct 3, 2016.
             Was a Priest of Trog.
             Demolished by an ogre
             ... wielding a +0 giant spiked club
              (26 damage)
             ... on level 4 of the Dungeon.
             The game lasted 00:20:07 (2181 turns).

yungnami the Ducker (Troll Berserker)               Turns: 2181, Time: 00:20:08

Health: -15/54     AC:  7    Str: 28    XL:     6   Next: 28%
Magic:  5/5        EV: 11    Int:  3    God:    Trog [***...]
Gold:   225        SH:  0    Dex:  9    Spells: 0 memorised, 5 levels left

rFire  . . .     SeeInvis .     a - +0 mace
rCold  . . .     Gourm    +     b - +0 animal skin
rNeg   . . .     Faith    +     (no shield)
rPois  .         Spirit   .     (helmet restricted)
rElec  .         Dismiss  .     n - +1 cloak
rCorr  .         Reflect  .     (gloves unavailable)
SustAt .         Harm     .     (boots unavailable)
MR     .....                    h - amulet of faith
Stlth  +.........               (no ring)
                                (no ring)

@: not resistant to hostile enchantments, very unstealthy
A: unfitting armour, claws 3, fast metabolism 3, frail 1, gourmand, regeneration
2, shaggy fur 1, tough skin 2
a: Berserk, Trog's Hand, Burn Spellbooks, Renounce Religion


You were on level 4 of the Dungeon.
You worshipped Trog.
Trog was most pleased with you.
You were not hungry.

You visited 1 branch of the dungeon, and saw 5 of its levels.

You collected 225 gold pieces.

Inventory:

Hand Weapons
 a - a +0 mace (weapon)
Missiles
 d - 28 bolts
 k - 79 stones (quivered)
Armour
 b - a +0 animal skin (worn)
 f - a +0 buckler
 n - a +1 cloak (worn)
Jewellery
 g - an uncursed ring of protection from magic {unknown}
 h - an amulet of faith (around neck)
Scrolls
 l - a scroll of teleportation {unknown}
 m - a scroll of remove curse
 o - a scroll of immolation {unknown}
 s - a scroll of noise {unknown}
 u - a scroll of enchant weapon {unknown}
Potions
 e - a potion of lignification {unknown}
 i - 3 potions of heal wounds {unknown}
 j - a potion of ambrosia {unknown}
 q - 2 potions of curing {unknown}
 r - 3 potions of might {unknown}
 t - a potion of flight {unknown}
Comestibles
 c - 2 bread rations
 p - 2 chunks of flesh
 v - 4 mutagenic chunks of flesh


   Skills:
 + Level 3.2 Fighting
 + Level 4.0 Maces & Flails
 + Level 4.5 Dodging
 + Level 0.6 Stealth


You had 5 spell levels left.
You didn't know any spells.

Dungeon Overview and Level Annotations

Branches:
Dungeon (5/15)
 Temple: D:4-7

Altars:
Elyvilon
Makhleb
Ru
Sif Muna
Trog
Xom


Innate Abilities, Weirdness & Mutations

You are too large for most types of armour.
You have claws for hands.
Your metabolism is lightning-fast.
You like to eat raw meat.
You heal very quickly.
You are covered in fur (AC +1).
You have very tough skin (AC +2).
You are frail (-10% HP).


Message History

* * * LOW HITPOINT WARNING * * *
You sock the ogre!
The ogre is heavily wounded.
The ogre closely misses you.
You closely miss the ogre.
The ogre is heavily wounded.
The ogre barely misses you.
You hit the ogre.
The ogre is heavily wounded.
The ogre hits you with a giant spiked club.
* * * LOW HITPOINT WARNING * * *
You hit the ogre.
The ogre is heavily wounded.
You sock the ogre!
The ogre is severely wounded.
The ogre barely misses you.
You hit the ogre.
The ogre is almost dead.
The ogre hits you with a giant spiked club!!
You die...

.....## #..##
......####...##
......'.......#
......####...#####
.....###.........#
....## #.#.#####.#
...## #.#.# #(#
#รท## # #.. #O#
#.# ###.### #@#
#.# #....# #.#
#.##.....# #.#
.......... ..#
.......... ###
.....(....
#.##.....#
#.###...##
.......##


You could see an ogre.

Vanquished Creatures
  A sky beast (D:5)
  A howler monkey (D:4)
  5 worker ants
  A hound zombie (D:5)
  2 adders (D:3)
  A worm (D:3)
  2 ball pythons (D:1)
  3 giant cockroaches
  5 goblins
  4 hobgoblins
  7 jackals (D:4)
  4 quokkas
  7 bats
  A giant newt (D:1)
  9 kobolds
  A quokka skeleton (D:3)
  7 rats
61 creatures vanquished.

Vanquished Creatures (others)
  A plant (D:4)
1 creature vanquished.

Grand Total: 62 creatures vanquished

Notes
Turn   | Place    | Note
--------------------------------------------------------------
     0 | D:1      | yungnami the Troll Berserker began the quest for the Orb.
     0 | D:1      | Reached XP level 1. HP: 22/22 MP: 0/0
   166 | D:1      | Reached XP level 2. HP: 29/29 MP: 1/1
   438 | D:2      | Reached ** piety under Trog
   608 | D:2      | Found a white marble altar of Elyvilon.
   721 | D:2      | Found a shimmering altar of Xom.
   916 | D:3      | Reached XP level 3. HP: 36/36 MP: 2/2
  1148 | D:3      | Found a deep blue altar of Sif Muna.
  1155 | D:3      | Found a burning altar of Makhleb.
  1177 | D:3      | Found a bloodstained altar of Trog.
  1278 | D:4      | Reached XP level 4. HP: 35/44 MP: 3/3
  1660 | D:4      | Reached XP level 5. HP: 52/52 MP: 4/4
  1685 | D:4      | Found a sacrificial altar of Ru.
  1774 | D:4      | Reached *** piety under Trog
  1859 | D:5      | Entered Level 5 of the Dungeon
  2022 | D:5      | Noticed a sky beast
  2034 | D:5      | Killed a sky beast
  2034 | D:5      | Reached XP level 6. HP: 38/61 MP: 5/5
  2051 | D:5      | Gained mutation: You are frail (-10% HP). [mutagenic meat]
  2181 | D:4      | Demolished by an ogre

Skill      XL: |  1  2  3  4  5 |
---------------+----------------+-----
Maces & Flails | 3 4 |  4.0
Dodging        | 3 4 |  4.5
Fighting       | 3 |  3.2
Stealth        | |  0.6

Action                   |  1- 3 |  4- 6 || total
-------------------------+-------+-------++-------
Melee: Mace              |   134 |   126 ||   260
Throw: Stone             |       |     2 ||     2
Invok: Berserk           |       |     1 ||     1
       Trog's Hand       |       |     1 ||     1
  Use: Scroll            |     3 |       ||     3
 Stab: Sleeping          |     1 |       ||     1
       Paralysed         |       |     1 ||     1
  Eat: Chunk             |     3 |    10 ||    13
       Bread ration      |     1 |       ||     1
       Meat ration       |     1 |       ||     1
Armor: Animal skin       |    71 |    76 ||   147
Dodge: Dodged            |   101 |    87 ||   188
